 Dungeon Crawl Stone Soup version 0.32-a0-913-g739538afd8 (webtiles) character file.

Game seed: 4344903229236591218

20537 Biggs the Brawler (level 12, -5/98 HPs)
             Began as an Octopode Shapeshifter on Apr 8, 2024.
             Was an Elder of Wu Jian.
             Slain by a cane toad (15 damage)
             ... on level 3 of the Lair of Beasts on Apr 9, 2024.
             The game lasted 00:24:13 (12959 turns).

Biggs the Brawler (Octopode Shapeshifter)          Turns: 12959, Time: 00:24:14

Health: -5/98      AC:  9    Str: 23    XL:     12   Next: 80%
Magic:  12/12      EV: 10    Int: 12    God:    Wu Jian [****..]
Gold:   977        SH:  5    Dex: 12    Spells: 11/11 levels left

rFire   + .          .
                       - Unarmed
rCold   . . .        j - melded +0 buckler
rNeg    . . .        a - melded +2 hat
rPois   +            r - amulet of reflection
rElec   .            J - ring of protection from fire
rCorr   .            L - ring of flight
SInv    .            N - ring of willpower
Will    +....        (no ring)
Stlth   +            (no ring)
HPRegen 0.36/turn    (no ring)
MPRegen 0.13/turn    (no ring)
                     (no ring)

%: reflection
@: snake-form, flying
A: constrict, boosted hp, almost no armour, amphibious, 8 rings, large,
(camouflage 1), (gelatinous body 1), (nimble swimmer 1), (tentacles)
a: Begin Untransformation, Renounce Religion, Wall Jump, Serpent's Lash


You were on level 3 of the Lair of Beasts.
You worshipped Wu Jian.
Wu Jian was greatly pleased with you.
You were an enormous serpent.
You visited 3 branches of the dungeon, and saw 14 of its levels.

You collected 1042 gold pieces.
You spent 65 gold pieces at shops.

Inventory:

Missiles
 G - a throwing net (quivered)
Armour
 a - a +2 hat (melded)
 j - a +0 buckler (melded)
Jewellery
 r - an amulet of reflection (around neck)
 y - a ring of wizardry
 J - a ring of protection from fire (left tentacle)
 L - a ring of flight (right tentacle)
 N - a ring of willpower (on tentacle)
 O - an amulet of guardian spirit
 P - a ring of wizardry
Talismans
 b - a beast talisman
 c - a flux talisman
 v - a serpent talisman (active)
Wands
 m - a wand of warping (8)
 p - a wand of flame (17)
 u - a wand of mindburst (27)
 D - a wand of charming (3)
 K - a wand of digging (17)
 Q - a wand of polymorph (5)
Scrolls
 d - a scroll of enchant armour
 f - 4 scrolls of poison
 k - 2 scrolls of revelation
 l - 2 scrolls of immolation
 n - a scroll of blinking
 o - a scroll of teleportation
 s - 3 scrolls of fog
 x - a scroll of vulnerability
 z - 4 scrolls of brand weapon {unknown}
 B - 3 scrolls of noise {unknown}
 M - 2 scrolls of enchant weapon {unknown}
Potions
 e - 3 potions of mutation {unknown}
 g - a potion of ambrosia {unknown}
 h - 2 potions of resistance {unknown}
 i - 4 potions of degeneration {unknown}
 q - 2 potions of curing
 t - a potion of heal wounds {unknown}
 A - 2 potions of attraction {unknown}
 C - 3 potions of cancellation {unknown}
 E - 4 potions of might {unknown}
 F - a potion of lignification
 H - a potion of magic {unknown}
 I - a potion of invisibility {unknown}
 R - a potion of brilliance {unknown}


   Skills:
 - Level 8.0 Fighting
 - Level 4.0 Dodging
 + Level 15.5 Unarmed Combat
 - Level 5.0 Evocations
 - Level 10.0 Shapeshifting


You had 11 spell levels left.
You didn't know any spells.
Your spell library contained the following spells:

 Spells                   Type           Power      Damage    Failure   Level
 Freeze                   Ice            0%         1d3       32%         1
 Sandblast                Erth           0%         2d4       32%         1
 Jinxbite                 Hex            0%         N/A       45%         2
 Frozen Ramparts          Ice            0%         1d1       69%         3
 Fugue of the Fallen      Necr           0%         N/A       69%         3
 Hailstorm                Conj/Ice       0%         3d5       69%         3
 Inner Flame              Hex/Fire       0%         N/A       69%         3
 Maxwell's Portable Pile  Tloc           0%         2d(5-13)  69%         3
 Ozocubu's Armour         Ice            0%         N/A       69%         3
 Passwall                 Erth           0%         N/A       69%         3
 Stone Arrow              Conj/Erth      0%         3d7       69%         3
 Volatile Blastmotes      Fire/Tloc      0%         2d10      69%         3
 Brom's Barrelling Bould  Conj/Erth      0%         2d3       97%         4
 Flame Wave               Conj/Fire      0%         2d4       97%         4
 Sticky Flame             Fire/Alch      0%         2d4       97%         4
 Vhi's Electric Charge    Tloc/Air       0%         N/A       97%         4
 Arcjolt                  Conj/Air       0%         1d10      100%        5
 Yara's Violent Unravell  Hex/Alch       0%         3d3       100%        5
 Bombard                  Conj/Erth      0%         9d1       100%        6
 Enfeeble                 Hex            0%         N/A       100%        7
 Manifold Assault         Tloc           0%         N/A       100%        7
 Lehudib's Crystal Spear  Conj/Erth      0%         10d2      100%        8
 Maxwell's Capacitive Co  Air            0%         ∞         100%        8
 Animate Armour           Summ/Erth      Unusable   N/A       N/A         4

Dungeon Overview and Level Annotations

Branches:
Dungeon (10/15)            Temple (1/1) D:4            Lair (3/5) D:10
  Swamp (0/4) Lair:2       Spider (0/4) Lair:2
    Orc: D:9-12

Altars:
Ashenzari
Cheibriados
Dithmenos
Elyvilon
Fedhas
Gozag
Hepliaklqana
Kikubaaqudgha
Makhleb
Nemelex Xobeh
Okawaru
Qazlal
Ru
Sif Muna
Trog
Uskayaw
Vehumet
Wu Jian
Xom
Yredelemnul
Zin
The Shining One

Shops:
D:7 *

Portals:
Trove: D:10 (give +7 demon blade)

Annotations:
D:3 1 runed translucent door, Crazy Yiuf


Innate Abilities, Weirdness & Mutations

You are an enormous serpent.
You have a powerful constriction melee attack.
Your maximum health is increased.
Your armour is entirely melded.
You are incapable of wielding weapons or throwing items.
You cannot wear most types of armour.
You are amphibious.
You can wear up to eight rings at the same time.
((Your skin changes colour to match your surroundings (Stealth+).))
((Your rubbery body absorbs attacks. (AC +1, EV +1)))
((You are camouflaged when in or above water. (Stealth+)))
((You have tentacles for arms and can constrict up to eight enemies at once.))


Message History

You hit the wolf.
The wolf is moderately wounded.
You constrict the wolf. The wolf bites you.
* * * LOW HITPOINT WARNING * * *
The cane toad stings you!
* * * LOW HITPOINT WARNING * * *
The wolf barely misses you.
Unknown command.
You feel better.
You constrict the wolf. You block the wolf's attack.
The cane toad closely misses you.
Unknown command.
You release your grip on the wolf.
You spin and attack the cane toad.
You barely miss the cane toad.
You spin and attack the wolf.
You miss the wolf.
The wolf is severely wounded.
The wolf bites you!
* * * LOW HITPOINT WARNING * * *
You block the cane toad's attack. The wolf barely misses you.
Unknown command.
Unknown command.
You feel better. The wolf closely misses you. The cane toad stings you.
* * * LOW HITPOINT WARNING * * *
The wolf bites you but does no damage. The cane toad stings you!
* * * LOW HITPOINT WARNING * * *
Unknown command.
You feel better. The wolf bites you but does no damage.
The cane toad stings you but does no damage.
You spin and attack the cane toad.
You closely miss the cane toad. You grab the cane toad.
You spin and attack the wolf repeatedly.
You barely miss the wolf.
The wolf is severely wounded.
You lash the wolf!
You kill the wolf!
The Council accepts your kill.
You constrict the cane toad. The cane toad barely misses you.
Unknown command.
You hit the cane toad but do no damage.
The cane toad is lightly wounded.
You constrict the cane toad. The cane toad stings you!
You die...

# ## #. ##### #
##########...#.##...#P#..
<...............SF.......
P..###.. ................
##.## ..#.#...##......
#...# .. #.#.# .....
#...# . ...... .... ....#
........ ....... #...#
........ ......# ## ....#
.##.##.## . ..#.# . ....#
## #. #.#.##


You could see a cane toad.

Vanquished Creatures
  A hydra (Lair:2)
  A two-headed ogre (D:10)
  A boulder beetle (Lair:3)
  Pikel (D:4)
  A will-o-the-wisp (Lair:2)
  3 black mambas
  A gargoyle (D:10)
  7 komodo dragons
  7 cane toads
  An efreet (D:10)
  2 kobold demonologists (D:9)
  2 rime drakes
  A polar bear (Lair:2)
  A troll (D:10)
  Grinder (D:3)
  3 jumping spiders (Lair:2)
  2 wraiths
  28 yaks
  3 wyverns
  A redback (Lair:2)
  3 steam dragons
  A basilisk (Lair:3)
  8 water moccasins
  An acid dragon (D:10)
  2 black bears
  An orc warrior (D:6)
  2 sky beasts
  A wolf (Lair:3)
  4 centaurs
  8 kobold brigands
  A phantom (D:7)
  2 lemures
  2 gnoll sergeants (D:8)
  10 bullfrogs
  3 scorpions
  9 wights
  6 killer bees
  3 jellies
  4 hounds
  A bombardier beetle (D:4)
  3 orc priests
  A sleepcap (D:7)
  Ijyb (D:3)
  5 orc wizards
  2 iguanas (D:6)
  Robin (D:3)
  6 adders
  11 gnolls
  2 shadow imps
  A white imp (D:6)
  2 ufetubi (D:5)
  A dart slug (D:4)
  18 orcs
  6 ball pythons
  8 bats
  4 endoplasms
  4 giant cockroaches
  17 goblins
  14 hobgoblins
  3 jackals (D:5)
  24 kobolds
  A quokka (D:2)
  4 frilled lizards
  4 rats (D:2)
283 creatures vanquished.

Vanquished Creatures (others)
  2 foxfires (Lair:2)
2 creatures vanquished.

Grand Total: 285 creatures vanquished

Notes
Turn   | Place    | Note
-------+----------+-------------------------------------------
     0 | D:1      | Biggs the Octopode Shapeshifter began the quest for the
                  | Orb.
     0 | D:1      | Reached XP level 1. HP: 13/13 MP: 1/1
   102 | D:1      | Reached XP level 2. HP: 18/18 MP: 2/2
   622 | D:2      | Found a hazy altar of Hepliaklqana.
   625 | D:2      | Reached XP level 3. HP: 19/23 MP: 3/3
   732 | D:2      | Found a faded altar of an unknown god.
  1167 | D:3      | Reached XP level 4. HP: 20/28 MP: 4/4
  1229 | D:3      | Noticed Ijyb
  1241 | D:3      | Killed Ijyb
  1376 | D:3      | Found a runed translucent door.
  1377 | D:3      | Noticed Crazy Yiuf
  1451 | D:3      | Noticed Robin
  1456 | D:3      | Killed Robin
  1457 | D:3      | Reached skill level 5 in Shapeshifting
  1570 | D:3      | Noticed Grinder
  1577 | D:3      | Killed Grinder
  1578 | D:3      | Reached XP level 5. HP: 9/33 MP: 5/5
  1578 | D:3      | Reached XP level 6. HP: 11/38 MP: 6/6
  2276 | D:4      | Found a staircase to the Ecumenical Temple.
  2426 | Temple   | Entered the Ecumenical Temple
  2449 | Temple   | Became a worshipper of the Wu Jian Council
  2570 | D:4      | Found a hide-covered altar of Uskayaw.
  2582 | D:4      | Found a white marble altar of Elyvilon.
  2589 | D:4      | You fall into a shaft and drop 3 floors!
  2662 | D:7      | Reached XP level 7. HP: 43/43 MP: 7/7
  2842 | D:7      | Reached skill level 4 in Unarmed Combat
  3001 | D:5      | Entered Level 5 of the Dungeon
  3020 | D:5      | Reached skill level 5 in Unarmed Combat
  3194 | D:4      | Found an opulent altar of Gozag.
  3322 | D:4      | Found a stormy altar of Qazlal.
  3582 | D:5      | Noticed Pikel
  3585 | D:5      | Reached skill level 6 in Unarmed Combat
  3623 | D:4      | Killed Pikel
  3624 | D:4      | Reached skill level 8 in Unarmed Combat
  3624 | D:4      | Reached XP level 8. HP: 8/48 MP: 8/8
  3933 | D:5      | Found an iron altar of Okawaru.
  3973 | D:5      | Reached * piety under Wu Jian
  4296 | D:5      | Reached XP level 9. HP: 59/59 MP: 9/9
  4525 | D:6      | Reached skill level 5 in Fighting
  4929 | D:6      | Found a bloodstained altar of Trog.
  5244 | D:6      | Reached skill level 5 in Evocations
  5481 | D:7      | Reached ** piety under Wu Jian
  5838 | D:7      | Found Meifel's General Store.
  5841 | D:7      | Bought a potion of curing for 39 gold pieces
  5841 | D:7      | Bought a scroll of identify for 26 gold pieces
  6251 | D:8      | Reached XP level 10. HP: 52/66 MP: 10/10
  6620 | D:8      | HP: 1/66 [orc priest/+0 hand axe (6)]
  7457 | D:9      | Reached skill level 10 in Shapeshifting
  7694 | D:9      | Reached skill level 9 in Unarmed Combat
  7694 | D:9      | Noticed a kobold demonologist
  7694 | D:9      | Noticed a kobold demonologist
  7706 | D:9      | Killed a kobold demonologist
  7716 | D:9      | Noticed an orange demon
  7719 | D:9      | Killed a kobold demonologist
  7720 | D:9      | Reached skill level 10 in Unarmed Combat
  7726 | D:9      | Reached *** piety under Wu Jian
  8087 | D:9      | Found a glowing silver altar of Zin.
  8288 | D:9      | Found a blossoming altar of Fedhas.
  8507 | D:10     | Entered Level 10 of the Dungeon
  8683 | D:10     | Reached XP level 11. HP: 31/73 MP: 11/11
  9229 | D:10     | Found a staircase to the Lair.
  9664 | D:10     | Noticed a two-headed ogre
  9669 | D:10     | Killed a two-headed ogre
  9742 | D:10     | Reached skill level 11 in Unarmed Combat
 10093 | D:10     | Found a portal to a secret trove of treasure.
 10125 | Lair:1   | Entered Level 1 of the Lair of Beasts
 10301 | Lair:1   | Reached skill level 12 in Unarmed Combat
 10863 | Lair:2   | Reached **** piety under Wu Jian
 10864 | Lair:2   | Reached XP level 12. HP: 67/82 MP: 12/12
 11043 | Lair:2   | Reached skill level 13 in Unarmed Combat
 11056 | Lair:2   | Found a hole to the Spider Nest.
 11149 | Lair:2   | Found a staircase to the Swamp.
 11483 | Lair:2   | Reached skill level 14 in Unarmed Combat
 11607 | Lair:2   | Noticed an eight-headed hydra
 11611 | Lair:2   | Killed an eight-headed hydra
 12505 | Lair:3   | Reached skill level 15 in Unarmed Combat
 12630 | Lair:3   | Noticed a boulder beetle
 12641 | Lair:3   | Killed a boulder beetle
 12956 | Lair:3   | HP: 4/98 [cane toad (11)]
 12959 | Lair:3   | Slain by a cane toad

Illustrated notes

Levels and vault maps discovered:
D:1:      dpeg_arrival_castle, layout_basic, serial_bayou_lake_a
D:2:      layout_basic, basic_altar, ebering_ecumenical_altar_ruins,
          minmay_misc_feat_square
D:3:      layout_loops_ring, uniq_crazy_yiuf_cottage, uniq_robin, uniq_ijyb,
          uniq_grinder
D:4:      layout_rooms, lemuel_tele_altar, general_overflow_altar,
          nicolae_overflow_hidden_temple, minmay_temple_entry_sparse_star,
          serial_library_hellmonk_angled_corner, uniq_menkaure
D:5:      layout_rooms, lemuel_coloured_pillars_altar, minivault_11,
          nrook_mini_vaults, uniq_pikel
D:6:      layout_rooms, trog_butcher_becter, minmay_puff
D:7:      layout_layer_cave, enter_bailey_5, serial_shops,
          nicolae_shop_real_fake_doors
D:8:      layout_loops_corners, minmay_diced_spiral
D:9:      layout_loops_ring, mainiacjoe_overflow_catwalk, kennysheep_little_box,
          serial_park_tiny_pond
D:10:     layout_cave_pools, minmay_lair_entry_grove, enter_trove_6,
          minmay_unpleasant_kobolds
Temple:   minmay_temple_curvy_branch
Lair:1:   layout_hall_layers, lemuel_old_faithful
Lair:2:   layout_roguey, minmay_swamp_entry_wisps, spider_nest_entry_a
Lair:3:   hangedman_what_comes_after_a, layout_regular_city

Skill      XL: |  1  2  3  4  5  6  7  8  9 10 11 12 |
---------------+-------------------------------------+-----
Shapeshifting  | 4 6 7 9 10 | 10.0
Unarmed Combat | 8 10 12 15 | 15.5
Fighting       | 4 5 6 8 |  8.0
Evocations     | 5 |  5.0
Dodging        | 4 |  4.0

Action                     |  1- 3 |  4- 6 |  7- 9 | 10-12 || total
---------------------------+-------+-------+-------+-------++-------
  Melee: Unarmed           |    72 |    81 |   246 |   407 ||   806
         Constrict         |    17 |    21 |    71 |    99 ||   208
         Tentacles         |    11 |    15 |    72 |    18 ||   116
         Punch             |     4 |     1 |       |       ||     5
 Invoke: Serpent's Lash    |       |       |       |     1 ||     1
Ability: Lunge             |       |     1 |    20 |    30 ||    51
         Whirlwind         |       |       |    14 |    33 ||    47
    Use: Potion            |       |       |     1 |     3 ||     4
         Scroll            |       |       |     7 |     8 ||    15
   Stab: Sleeping          |     9 |     2 |     1 |     1 ||    13
 Armour: Skin              |    32 |    24 |   103 |   272 ||   431
  Dodge: Dodged            |    50 |    19 |   153 |   148 ||   370
  Block: Buckler           |       |     8 |     2 |       ||    10
         Other             |       |       |    46 |    60 ||   106
         Reflection        |       |       |     1 |     3 ||     4
   Form: Flux              |       |     1 |       |       ||     1
         Serpent           |       |       |       |     1 ||     1

Table legend: (Time is in decaauts)
 A = Elapsed time spent in this place.
 B = Non-inter-level travel time spent in this place.
 C = Inter-level travel time spent in this place.
 D = Time resting spent in this place.
 E = Time spent auto-exploring this place.
 F = Levels seen in this place.
 G = Mean time per level.
                   A        B        C        D        E       F      G
               +--------+--------+--------+--------+--------+-----+--------+
         Total |  12864 |  12491 |    373 |   1483 |   9204 |  14 |  918.9 |
       Dungeon |  10017 |   9739 |    278 |   1243 |   7051 |  10 | 1001.7 |
        Temple |     45 |      2 |     43 |      0 |      0 |   1 |   45.0 |
          Lair |   2801 |   2749 |     52 |    240 |   2153 |   3 |  933.7 |
               +--------+--------+--------+--------+--------+-----+--------+

Top non-repeatable levels by time:
     D:9: 1449 daAuts
  Lair:2: 1407 daAuts
     D:8: 1364 daAuts
    D:10: 1237 daAuts
     D:3: 1059 daAuts
     D:7: 1010 daAuts
     D:4: 928 daAuts
     D:5: 914 daAuts
     D:6: 913 daAuts
  Lair:1: 872 daAuts
     D:1: 619 daAuts
  Lair:3: 521 daAuts
     D:2: 519 daAuts
  Temple: 45 daAuts
